 Dungeon Crawl Stone Soup version 0.31-a0-799-g6bc09d010c (webtiles) character file.

Game seed: 2853353708564671370

112 cforsyth the Trooper (level 5, -2/42 HPs)
             Began as a Djinni Delver on Sept 20, 2023.
             Splashed by a jelly's acid (7 damage)
             ... on level 4 of the Dungeon.
             The game lasted 00:02:39 (366 turns).

cforsyth the Trooper (Djinni Delver)                 Turns: 366, Time: 00:02:40

Health: -2/42      AC: -1    Str: 11    XL:     5   Next: 16%
Gold:   12         EV: 12    Int: 14    God:
                   SH:  0    Dex: 14

rFire   + + .        a - +0 falchion
rCold   x . .        (no shield)
rNeg    . . .        b - +0 leather armour
rPois   ∞            (no helmet)
rElec   .            (no cloak)
rCorr   .            (no gloves)
SInv    .            (boots unavailable)
Will    .....        (no amulet)
Stlth   ++           (no ring)
HPRegen 0.27/turn    (no ring)
MPRegen 0.00/turn

%: infuse magic (-3 HP)
@: corroded, flying, hasted, very quick
A: sickness immunity, fire resistance 2, cold vulnerability 1, float, innate
caster, HP casting, extra vitality 1
a: no special abilities


You were on level 4 of the Dungeon.
You visited 1 branch of the dungeon, and saw 2 of its levels.

You collected 12 gold pieces.

Inventory:

Hand Weapons
 a - a +0 falchion (weapon)
Armour
 b - a +0 leather armour (worn)
Wands
 g - a wand of digging (3)
Scrolls
 c - a scroll of fog
 d - a scroll of revelation


   Skills:
 + Level 4.3 Fighting
 - Level 1.7 Long Blades
 - Level 2.1 Dodging
 - Level 4.1 Stealth
 + Level 2.0 Spellcasting
 + Level 2.0 Conjurations
 + Level 2.0 Hexes
 + Level 2.0 Summonings
 + Level 2.0 Necromancy
 + Level 2.0 Translocations
 + Level 2.0 Transmutations
 + Level 2.0 Fire Magic
 + Level 2.0 Ice Magic
 + Level 2.0 Air Magic
 + Level 2.0 Earth Magic
 + Level 2.0 Poison Magic


You knew the following spells:

 Your Spells              Type           Power      Damage    Failure   Level
a - Magic Dart            Conj           28%        1d4       13%         1
b - Wereblood             Tmut           7%         N/A       21%         2
Your spell library was empty.

Dungeon Overview and Level Annotations

Branches:
Dungeon (5/15)
 Temple: D:4-7

Altars:


Innate Abilities, Weirdness & Mutations

You are immune to sickness and miasma.
You are immune to poison.
Your flesh is very heat resistant. (rF++)
You are vulnerable to cold. (rC-)
You float through the air rather than walking.
You learn spells naturally, not from books.
Your magical power is your life essence.
You have superior vitality. (+4 MHP)


Message History

The orc wizard flickers and vanishes!
The phantom hits you but does no damage.
The phantom closely misses you.
There is a stone staircase leading up here.
Something tries to affect you, but you resist.
You fly upwards.
Reactivating autopickup.
There is a stone staircase leading down here.
Found a stone staircase leading up.
The helpless giant cockroach fails to defend itself.
You hit the giant cockroach.
The giant cockroach is lightly wounded.
The giant cockroach bites you.
You barely miss the giant cockroach.
The giant cockroach is lightly wounded.
The giant cockroach barely misses you.
You barely miss the giant cockroach.
The giant cockroach is lightly wounded.
The giant cockroach barely misses you.
You hit the giant cockroach.
You kill the giant cockroach!
The helpless jelly fails to defend itself.
You hit the jelly.
Your hands burn!
The jelly is lightly wounded.
The jelly closely misses you.
You hit the jelly.
Your hands burn!
The jelly is moderately wounded.
The jelly hits you.
You are splashed with acid!
* * * LOW HITPOINT WARNING * * *
You hit the jelly. The acid corrodes you!
Your hands burn!
* * * LOW HITPOINT WARNING * * *
The jelly is moderately wounded.
The jelly closely misses you.
You hit the jelly.
Your hands burn!
* * * LOW HITPOINT WARNING * * *
The jelly is heavily wounded.
The jelly hits you.
* * * LOW HITPOINT WARNING * * *
You are splashed with acid!
You die...

....#....
.........
.......#
####.....## ##.
.......... ....
........####
.....
#......#.#...#
#..#.......>..#
.......@..##..#
#.#...J##..##....
#.##. ...........
.. ...###.#...#.#
#. ...< ## ### .
#... ####


You could see a jelly.

Vanquished Creatures
  A scorpion (D:5)
  2 orc wizards (D:5)
  An orc (D:5)
  A giant cockroach (D:4)
5 creatures vanquished.

Notes
Turn   | Place    | Note
-------+----------+-------------------------------------------
     0 | D:5      | cforsyth the Djinni Delver began the quest for the Orb.
     0 | D:5      | Reached XP level 1. HP: 20/20 MP: 0/0
    30 | D:5      | Noticed a phantom
    30 | D:5      | Noticed a scorpion
    90 | D:5      | Noticed an orc wizard
    90 | D:5      | Noticed an orc wizard
   131 | D:5      | Killed an orc wizard
   132 | D:5      | Reached skill level 1 in Spellcasting
   132 | D:5      | Reached skill level 1 in Conjurations
   132 | D:5      | Reached skill level 1 in Hexes
   132 | D:5      | Reached skill level 1 in Summonings
   132 | D:5      | Reached skill level 1 in Necromancy
   132 | D:5      | Reached skill level 1 in Translocations
   132 | D:5      | Reached skill level 1 in Transmutations
   132 | D:5      | Reached skill level 1 in Fire Magic
   132 | D:5      | Reached skill level 1 in Ice Magic
   132 | D:5      | Reached skill level 1 in Air Magic
   132 | D:5      | Reached skill level 1 in Earth Magic
   132 | D:5      | Reached skill level 1 in Poison Magic
   132 | D:5      | Reached XP level 2. HP: 19/25 MP: 0/0
   132 | D:5      | Reached XP level 3. HP: 23/30 MP: 0/0
   132 | D:5      | Learned a level 1 spell: Magic Dart
   189 | D:5      | Reached XP level 4. HP: 29/37 MP: 0/0
   260 | D:5      | Killed a scorpion
   261 | D:5      | Reached XP level 5. HP: 29/42 MP: 0/0
   261 | D:5      | Learned a level 2 spell: Wereblood
   322 | D:4      | Noticed a lemure
   366 | D:4      | Splashed by a jelly's acid

Illustrated notes

Levels and vault maps discovered:
D:4:      minmay_recursive_quarters, layout_cave_pools,
          nicolae_overflow_squiral, serial_bayou_lagoon_a, uniq_edmund,
          uniq_pikel
D:5:      layout_rooms, kennysheep_orc_sif_temple, serial_rivers,
          chequers_serial_rivers_room_b, chequers_serial_rivers_micro_b,
          chequers_serial_rivers_micro_b, chequers_serial_rivers_micro_a,
          hangedman_abyss_or_decor_lesser_grid

Skill      XL: |  1  2  3  4 |
---------------+-------------+-----
Spellcasting   | 1 2 |  2.0
Conjurations   | 1 2 |  2.0
Hexes          | 1 2 |  2.0
Summonings     | 1 2 |  2.0
Necromancy     | 1 2 |  2.0
Translocations | 1 2 |  2.0
Transmutations | 1 2 |  2.0
Fire Magic     | 1 2 |  2.0
Ice Magic      | 1 2 |  2.0
Air Magic      | 1 2 |  2.0
Earth Magic    | 1 2 |  2.0
Poison Magic   | 1 2 |  2.0
Fighting       | 4 |  4.3
Long Blades    | |  1.7
Dodging        | |  2.1
Stealth        | |  4.1

Action                     |  1- 3 |  4- 6 || total
---------------------------+-------+-------++-------
  Melee: Falchion          |    23 |    18 ||    41
   Cast: Magic Dart        |     2 |     2 ||     4
    Use: Scroll            |       |     1 ||     1
         Potion            |       |     1 ||     1
   Stab: Sleeping          |       |     2 ||     2
 Armour: Leather armour    |    15 |    19 ||    34
  Dodge: Dodged            |    20 |    19 ||    39

Table legend: (Time is in decaauts)
 A = Elapsed time spent in this place.
 B = Non-inter-level travel time spent in this place.
 C = Inter-level travel time spent in this place.
 D = Time resting spent in this place.
 E = Time spent auto-exploring this place.
 F = Levels seen in this place.
 G = Mean time per level.
                   A        B        C        D        E       F      G
               +--------+--------+--------+--------+--------+-----+--------+
         Total |    368 |    368 |      0 |    104 |     51 |   2 |  184.0 |
       Dungeon |    368 |    368 |      0 |    104 |     51 |   2 |  184.0 |
               +--------+--------+--------+--------+--------+-----+--------+

Top non-repeatable levels by time:
     D:5: 347 daAuts
     D:4: 20 daAuts
